[Event "7th Sharjah Challengers 2024"]
[Site "Sharjah"]
[Date "2024.05.14"]
[Round "1.2"]
[White "Borisova, Ekaterina"]
[Black "Delgado Ramirez, Neuris"]
[Result "0-1"]
[ECO "A60"]
[WhiteElo "2185"]
[BlackElo "2489"]
[Annotator "RC"]
[PlyCount "104"]
[EventDate "2024.05.13"]
[EventType "swiss"]
[EventCountry "UAE"]
[SourceTitle "playchess.com"]
[Source "ChessBase"]
[SourceQuality "1"]
[TimeControl "5400+30"]

1. d4 Nf6 2. c4 e6 3. g3 c5 4. d5 exd5 5. cxd5 b5 6. e4 Bd6 7. Nd2 O-O 8. Bxb5 Qa5 9. Bd3 Ba6 10. Qc2 Re8 11. Kf1 Nxe4 12. Nc4 Bxc4 13. Qxc4 Qb4 14. Qxb4 cxb4 15. Be3 Nf6 16. Rd1 a5 17. Nf3 Na6 18. Kg2 Nc5 19. Bd4 Nxd3 20. Rxd3 Ne4 21. Re1 f5 22. Be3 Kf7 23. Nd4 g6 24. Nb5 Be5 25. f3 Rab8 26. fxe4 fxe4 27. Rd4 Rxb5 28. Rxe4 Rxd5 29. Bf4 d6 30. Rc1 Re7 31. Rc2 Bf6 32. Rec4 g5 33. Bc1 Rd1 34. h4 h6 35. Rf2 Kg6 36. h5+ Kg7 37. a3 Bd4 38. Rf1 Rxf1 39. Kxf1 Bc5 40. axb4 Bxb4 41. b3 Kf7 42. Rc8 Ke6 43. Rh8 Kf5 44. Kf2 Kg4 45. Rxh6 Rc7 46. Be3 Rc2+ 47. Kf1 Rb2 48. Rg6 Kf3 49. Rf6+ Kxe3 50. h6 Bc3 51. Rxd6 Rf2+ 52. Kg1 Rf6 0-1

[Event "7th Sharjah Challengers 2024"]
[Site "Sharjah"]
[Date "2024.05.14"]
[Round "1.3"]
[White "Burmakin, Vladimir"]
[Black "Kazarian, Anna-Maja"]
[Result "1-0"]
[ECO "D46"]
[WhiteElo "2483"]
[BlackElo "2182"]
[Annotator "RC"]
[PlyCount "77"]
[EventDate "2024.05.13"]
[EventType "swiss"]
[EventCountry "UAE"]
[SourceTitle "playchess.com"]
[Source "ChessBase"]
[SourceQuality "1"]
[TimeControl "5400+30"]

1. d4 Nf6 2. Nf3 d5 3. c4 c6 4. Nc3 e6 5. e3 Nbd7 6. Bd3 Bd6 7. e4 dxe4 8. Nxe4 Nxe4 9. Bxe4 Nf6 10. Bc2 c5 11. O-O h6 12. Ba4+ Bd7 13. dxc5 Bxc5 14. Ne5 Bxa4 15. Qxa4+ Ke7 16. Rd1 Qe8 17. Qb3 Qc8 18. Bf4 b6 19. Qf3 Kf8 20. Rd3 Be7 21. Rad1 g5 22. Be3 Kg7 23. Bd4 Qc7 24. g3 Rad8 25. Ng4 Rxd4 26. Rxd4 Nxg4 27. Qxg4 Bf6 28. Rd7 Qc6 29. Qh5 Rf8 30. b3 a5 31. Qe2 Kg8 32. R1d6 Qc5 33. Qf3 Bg7 34. Rc6 Qb4 35. Rcc7 Be5 36. Rb7 Qe1+ 37. Kg2 f5 38. Qe3 Qa1 39. Qxb6 1-0

[Event "7th Sharjah Challengers 2024"]
[Site "Sharjah"]
[Date "2024.05.14"]
[Round "1.4"]
[White "Ajay Santhosh Parvathareddy"]
[Black "Rios Gomez, Cristhian Camilo"]
[Result "1/2-1/2"]
[ECO "B33"]
[WhiteElo "2177"]
[BlackElo "2472"]
[Annotator "TA"]
[PlyCount "64"]
[EventDate "2024.05.13"]
[EventType "swiss"]
[EventCountry "UAE"]
[SourceTitle "playchess.com"]
[Source "ChessBase"]
[SourceQuality "1"]
[TimeControl "5400+30"]

1. e4 c5 2. Nf3 Nc6 3. d4 cxd4 4. Nxd4 Nf6 5. Nc3 e5 6. Ndb5 d6 7. Nd5 Nxd5 8. exd5 Nb8 9. a4 Be7 10. Be2 O-O 11. O-O Nd7 12. b4 f5 13. a5 {[%emt 0:00:05] White has an edge.} a6 14. Na3 e4 15. Nc4 f4 16. Bg4 (16. Ra3 $14) 16... Ne5 $15 17. Nxe5 dxe5 18. Bb2 f3 19. gxf3 {[%emt 0:00:37] The position is equal.} exf3 20. Bxf3 Bd6 {[%emt 0:00:49] [#] Threatens to win with ...Qg5+.} 21. Be4 Qh4 {[%emt 0:02:20] Dodges Qh5} (21... Bxb4 $2 22. Qh5 (22. Bxe5 Qg5+ 23. Bg3 Bh3 $16) 22... h6 23. Bxe5 (23. Qxe5 Qg5+ 24. Qxg5 hxg5 $18) 23... Qg5+ 24. Qxg5 hxg5 25. Bg2 $18) 22. f3 Bh3 (22... Bxb4 $6 23. d6 (23. Bxe5 Bh3 $16) 23... Be6 24. Bxe5 (24. Bxb7 Rab8 $15) 24... Qg5+ 25. Bg3 $16) 23. Rf2 Bxb4 {[%emt 0:02:02] ...Bc5 is the strong threat.} 24. d6 Kh8 25. Qd5 {[%emt 0:00:54] Dodges Bc5} Rad8 26. Bxe5 {[%emt 0:08:14][%cal Od5d4] [#] Hoping for Qd4!} (26. Qxe5 Qh6 (26... Bxd6 27. Qxg7#) 27. Kh1 Bxd6 $15 (27... Qxd6 28. Qxg7#)) 26... Qh6 27. Rd1 {[%emt 0:03:39][%cal Oc2c4] aiming for c4! Chess con chili.} (27. Qxb7 Qg5+ (27... Bxd6 28. Bxd6 Qf6 29. Re1 $17) 28. Bg3 Bxd6 $15 (28... Bxa5 $2 29. Qe7 $16)) 27... Bxd6 28. Bxd6 Rf6 29. Rfd2 Rfxd6 30. Qxd6 Rxd6 31. Rxd6 g6 32. Kf2 (32. Bxb7 Qg5+ 33. Kf2 Qg2+ 34. Ke3 Qxc2 $15) 32... Bf5 {[%emt 0:34:23] Weighted Error Value: White=0.06 (flawless) /Black=0.04 (flawless) .  Mistake:       	White=1     	---        Inaccurate:     	White=1     	Black=2      OK:         	White=10    	Black=11     Best:        	White=1     	Black=1} 1/2-1/2

[Event "7th Sharjah Challengers 2024"]
[Site "Sharjah"]
[Date "2024.05.14"]
[Round "1.5"]
[White "Movahed, Sina"]
[Black "Sultan, Ibrahim"]
[Result "1-0"]
[ECO "B12"]
[WhiteElo "2464"]
[BlackElo "2173"]
[Annotator "TA"]
[PlyCount "30"]
[EventDate "2024.05.13"]
[EventType "swiss"]
[EventCountry "UAE"]
[SourceTitle "playchess.com"]
[Source "ChessBase"]
[SourceQuality "1"]
[TimeControl "5400+30"]

1. e4 c6 2. d4 d5 3. e5 Bf5 4. Be3 e6 5. Nd2 c5 6. Ngf3 cxd4 7. Nxd4 Ne7 8. Bb5+ {[%emt 0:06:46] White is better.} Nbc6 9. c4 {[%emt 0:00:09] White has more active pieces.} a6 {[%emt 0:03:49] [#]} 10. Ba4 Qa5 (10... Qd7 $16) 11. Qb3 Rc8 $2 (11... O-O-O $16 {was necessary.}) 12. cxd5 exd5 $2 {[%emt 0:01:03] [#]} (12... b5 13. Bxb5 (13. Nxc6 Nxc6 14. dxc6 Rxc6 $16) 13... axb5) 13. Nxf5 $1 $18 Nxf5 14. Qxb7 Nfe7 15. Qb3 {[%emt 0:01:15] Bb6 would now be deadly.} g6 $2 {[%emt 0:00:31] White took control after the opening.   Weighted Error Value: White=0.24 (precise) /Black=0.73.  Loses game:     	---       	Black=1      Mistake:       	---       	Black=3      Inaccurate:     	---       	Black=1      OK:         	White=4     	Black=2      Strong:       	White=1     	---} (15... Ng6 16. O-O Ngxe5) 1-0

[Event "7th Sharjah Challengers 2024"]
[Site "Sharjah"]
[Date "2024.05.14"]
[Round "1.6"]
[White "Nadir, Samir"]
[Black "Nitish Belurkar"]
[Result "0-1"]
[ECO "A48"]
[WhiteElo "2158"]
[BlackElo "2451"]
[Annotator "TA"]
[PlyCount "122"]
[EventDate "2024.05.13"]
[EventType "swiss"]
[EventCountry "UAE"]
[SourceTitle "playchess.com"]
[Source "ChessBase"]
[SourceQuality "1"]
[TimeControl "5400+30"]

1. d4 Nf6 2. Bf4 g6 3. e3 Bg7 4. Nf3 d6 5. Be2 O-O 6. c3 Nc6 {[%emt 0:06:54] A48: 1 d4 Nf6 2 Nf3 g6: Torre, London and Colle Systems.} 7. h3 Nd7 8. O-O e5 9. Bh2 f5 10. Na3 Qe7 11. Nb5 Nf6 12. dxe5 dxe5 13. Qb3+ Kh8 14. Qa3 Re8 15. Qxe7 Rxe7 16. Rfd1 a6 17. Na3 Ne4 $146 ({Predecessor:} 17... b5 18. Nc2 Rb8 19. Nb4 Nxb4 20. cxb4 Bb7 21. Nxe5 Ne4 22. Nd3 Bd5 23. Nc5 Nxc5 24. bxc5 {1-0 Burmakin,V (2561)-Gochelashvili,D (2419) Doroshkevich Memorial op 2012 (4)}) 18. Nd2 Nc5 19. Nb3 Na4 20. Rd2 b5 21. Rad1 h6 22. Nxb5 (22. Bg3 $15) 22... axb5 $17 23. Bxb5 Bb7 24. Bxa4 Rxa4 25. Nc5 Ra7 (25... Rxa2 26. Nxb7 g5 27. Nc5 $18) 26. b4 e4 (26... Kg8 $17 27. a4 (27. b5 Na5 $17) 27... Kf7) 27. b5 $11 Ne5 28. Rd8+ (28. Nxb7 $2 Rxb7 29. Bxe5 Bxe5 $17) 28... Kh7 29. Rb8 Ba8 30. Rdd8 Nd3 31. Nd7 $2 (31. Nxd3 $2 exd3 32. Rxd3 (32. Rxa8 $2 Rxa8 33. Rxd3 Rxa2 $19) 32... Rxa2 $19) (31. Rxa8 $11 Rxa8 32. Rxa8 Nxc5 33. Ra7) 31... Bd5 $19 32. a4 (32. Nf8+ {might work better.} Bxf8 33. Rxd5) 32... Be6 33. Nf8+ Bxf8 34. Rxf8 Rxa4 35. Bg3 Kg7 (35... Ra1+ 36. Kh2 $19) 36. Rfe8 Rxe8 37. Rxe8 Kf7 38. Rh8 Ra1+ 39. Kh2 Rb1 40. Rh7+ Kg8 41. Re7 Bf7 42. Rxc7 Rxb5 43. Rc8+ Kg7 44. Bd6 Ne5 (44... Nxf2 45. c4 Ra5 46. Bb4 $19) 45. Bf8+ Kh7 46. Be7 g5 47. Bf6 Kg6 48. c4 Nxc4 49. Bd4 Rb7 50. Rc6+ Kh7 51. Rf6 Bg6 52. h4 Nd2 ({But not} 52... gxh4 53. Kh3) 53. h5 $2 (53. Rf8 Bf7 (53... gxh4 54. Rh8#) 54. h5) 53... Bxh5 $19 54. Rxf5 Rf7 55. Rd5 $2 (55. Rxf7+ Bxf7 56. Bc3) 55... Rxf2 $19 56. Bc3 Nf1+ 57. Kg1 Rf7 58. Bd4 Ng3 59. Kh2 Nf5 60. Bc5 Nh4 61. Kg3 Be2 0-1

[Event "7th Sharjah Challengers 2024"]
[Site "Sharjah"]
[Date "2024.05.14"]
[Round "1.7"]
[White "Lashkin, Jegor"]
[Black "Murtaza Ali"]
[Result "1-0"]
[ECO "D45"]
[WhiteElo "2449"]
[BlackElo "2158"]
[Annotator "RC"]
[PlyCount "125"]
[EventDate "2024.05.13"]
[EventType "swiss"]
[EventCountry "UAE"]
[SourceTitle "playchess.com"]
[Source "ChessBase"]
[SourceQuality "1"]
[TimeControl "5400+30"]

1. d4 e6 2. c4 d5 3. Nf3 Nf6 4. Nc3 c6 5. e3 Nbd7 6. Be2 Bd6 7. O-O O-O 8. b3 b6 9. Bb2 Bb7 10. Qc2 c5 11. cxd5 cxd4 12. Nb5 Rc8 13. Qd1 Nc5 14. Qxd4 Bxd5 15. Nxa7 Ra8 16. Nb5 Bb8 17. Ne5 Qe7 18. Ng4 Ncd7 19. Rfc1 Rd8 20. Nxf6+ Qxf6 21. Qxf6 Nxf6 22. Nc7 Ra7 23. Nxd5 Nxd5 24. a3 Bd6 25. b4 Be7 26. Rd1 f5 27. g4 g6 28. Rac1 Kf7 29. gxf5 gxf5 30. Bh5+ Kf8 31. Rc6 Rd6 32. Rxd6 Bxd6 33. Bf3 Rd7 34. Kg2 Be7 35. Rc1 Nxe3+ 36. Kg1 Nd5 37. Bd4 Bf6 38. Bxf6 Nxf6 39. Rc6 Ke7 40. Kg2 Ra7 41. Rxb6 Rxa3 42. Rb7+ Kd6 43. Rf7 Ke5 44. Bc6 Ra2 45. b5 Rb2 46. Kg3 f4+ 47. Kf3 Rb3+ 48. Kg2 h5 49. h3 Rb2 50. Re7 Kf5 51. Kf1 e5 52. f3 h4 53. Ke1 Nh5 54. Bd7+ Kf6 55. Re6+ Kg7 56. Rxe5 Ng3 57. Kd1 Rb3 58. Kc2 Rxf3 59. b6 Rf2+ 60. Kc3 Rf1 61. b7 Rb1 62. Rb5 Ne4+ 63. Kc2 1-0

[Event "7th Sharjah Challengers 2024"]
[Site "Sharjah"]
[Date "2024.05.14"]
[Round "1.8"]
[White "Sureka Akshat"]
[Black "Divya Deshmukh"]
[Result "0-1"]
[ECO "A04"]
[WhiteElo "2141"]
[BlackElo "2443"]
[Annotator "TA"]
[PlyCount "153"]
[EventDate "2024.05.13"]
[EventType "swiss"]
[EventCountry "UAE"]
[SourceTitle "playchess.com"]
[Source "ChessBase"]
[SourceQuality "1"]
[TimeControl "5400+30"]

1. b3 c5 2. Bb2 Nc6 3. Nf3 d6 4. g3 e5 5. d3 g6 6. c4 Bg7 7. Bg2 Nge7 8. O-O {[%emt 0:01:13] The position is equal.} O-O 9. Nc3 h6 10. a3 Be6 11. Nd2 Qd7 12. Nd5 Rad8 13. b4 b6 14. Bc3 Nc8 15. b5 N6e7 16. a4 Nxd5 17. cxd5 Bh3 18. Qb3 (18. Bxh3 $14 Qxh3 19. e3) 18... Bxg2 $11 19. Kxg2 f5 20. e4 Rf7 21. f3 Rdf8 22. h3 h5 23. Nc4 Kh7 24. Qc2 Qe7 25. a5 Bh6 26. axb6 axb6 27. Ra6 (27. Qe2 $11) 27... Qd8 (27... h4 $15) 28. Qe2 h4 29. g4 fxg4 30. hxg4 Qd7 31. Kh3 (31. Nxb6 $2 Qxb5 $19) 31... Bf4 32. Ra8 Qc7 (32... Rf6 {with more complications.} 33. Kg2 Bg5 34. Be1 Kg7) 33. Bd2 (33. Kxh4 Kg8 34. Kh3 Rh7+ 35. Kg2 Rh2+ 36. Kg1 Qh7 (36... Rxe2 $2 37. Rf2 $19) 37. Bd2 Rh1+ (37... Rxe2 $2 38. Rf2 $19) 38. Kf2 Qh4+ 39. Kg2 Qh2#) 33... Bxd2 34. Nxd2 (34. Qxd2 $2 Rxf3+ 35. Rxf3 (35. Kxh4 $2 Rxf1 $19) 35... Rxf3+ 36. Kh2 (36. Kxh4 $2 Qb7 $19) 36... Qf7 $19) 34... g5 35. Nc4 Rf6 {[%emt 0:01:47] Black is weak on the light squares} 36. Ne3 Qb7 37. Ra2 Qd7 38. Rb2 Na7 {[%emt 0:02:21] [#]} 39. d4 exd4 (39... cxd4 $15 40. Nf5 Rc8) 40. Nc4 $2 (40. Nf5 $16 {is forced if you want to stay better.}) 40... Nc8 ({Stronger than} 40... Nxb5 41. Nxb6 Qf7 42. Rxb5 $11) 41. Qd3 Kh6 42. Qe2 Rf4 43. Rb3 Qd8 44. Ra3 Qe8 45. Rb3 Qf7 {[%emt 0:00:46] White must now prevent ...Re8.} 46. Kg2 Re8 47. Qd3 (47. Rf2 $142) 47... Qd7 48. Kh2 Qd8 49. Ra3 Rf7 50. Ra6 Qf6 {[%emt 0:00:24] And now ...Qf4+ would win.} 51. Kg2 $2 {[%emt 0:00:42] [#]} (51. Kg1 $17) 51... Qf4 $1 $19 {[%emt 0:00:15] ...Qg3+ would now be deadly.} 52. Ra2 Kg7 53. Rb2 Kf8 54. Rbf2 Kg7 (54... Qg3+ $142 55. Kh1 Kg7) 55. Rb2 $1 Ra7 56. Kh1 Rae7 57. Ra2 Rf8 58. Kg2 (58. Ra8 $142) 58... Ref7 59. Kh1 Re7 $2 (59... Qg3 $19 60. Raf2 Qh3+ 61. Kg1 Kh6) 60. Re2 $2 (60. Kg2 $1 $11) 60... h3 61. Qd2 (61. Qc2 $17 {is a better defense.}) 61... Qf6 (61... Qxd2 $19 62. Nxd2 Ra7) 62. Qd3 Qg6 63. Kh2 (63. Ra2 $142) 63... Ref7 $17 64. Ref2 Ra7 (64... Ne7 $17 {Strongly threatening ...Nxd5.} 65. Nxb6 Qf6) 65. Kh1 (65. Qe2 $15) 65... Ra4 66. Rb1 (66. Rh2 $142) 66... Qf6 67. Qc2 Ra7 68. Qd2 Qh6 (68... Ne7 $17 {Hoping for ...Ng6.} 69. Nxb6 Ng6) 69. Re1 Qh4 ({Black should try} 69... Rf4 $17 70. Qe2 Qf6) 70. Kh2 $2 (70. e5 $11) 70... Ra4 {[%emt 0:00:20] Dancing on a razor blade.} 71. Rc1 Rf7 72. e5 (72. Rff1 {might work better.}) 72... Rxc4 $1 $19 73. Rc2 $2 (73. Rxc4 dxe5 74. Rf1) 73... Rc3 74. Rxc3 dxe5 (74... dxc3 $142 75. Qe3 dxe5 76. Qxe5+ Kf8) 75. Rc4 $2 (75. Rc2 Qh6 (75... Nd6 $2 76. Qe1 $19) 76. Ra2) 75... e4 {[%emt 0:00:11] Threatens to win with ...e3.} 76. Qe2 $2 (76. Rxd4 cxd4 77. Qxd4+ Kg8 78. d6 Nxd6 (78... exf3 79. Rd2 $11) (78... Rxf3 79. Rxf3 Nxd6 80. Qd5+ Kh7 81. Rf8) 79. Rd2) 76... Nd6 77. Rf1 {[%emt 0:00:37] Weighted Error Value: White=0.32/Black=0.31.  Loses game:     	White=3     	---        Missed win:     	---       	Black=1      Mistake:       	White=14    	Black=7      Inaccurate:     	White=10    	Black=9      OK:         	White=22    	Black=19     Best:        	White=1     	Black=1      Strong:       	White=1     	Black=2} (77. Rc1 $142 e3 78. Rff1) 0-1

[Event "7th Sharjah Challengers 2024"]
[Site "Sharjah"]
[Date "2024.05.14"]
[Round "1.9"]
[White "Mohammad Fahad, Rahman"]
[Black "Ovezdurdyyeva, Jemal"]
[Result "1-0"]
[ECO "B90"]
[WhiteElo "2435"]
[BlackElo "2145"]
[Annotator "RC"]
[PlyCount "149"]
[EventDate "2024.05.13"]
[EventType "swiss"]
[EventCountry "UAE"]
[SourceTitle "playchess.com"]
[Source "ChessBase"]
[SourceQuality "1"]
[TimeControl "5400+30"]

1. e4 c5 2. Nf3 d6 3. d4 cxd4 4. Nxd4 Nf6 5. Nc3 a6 6. Rg1 e5 7. Nb3 h5 8. h3 Be6 9. Be3 Be7 10. Qf3 Nbd7 11. O-O-O Rc8 12. Nd5 Bxd5 13. exd5 Qc7 14. c3 Nb6 15. g4 g6 16. g5 Nfd7 17. Qe4 Nc4 18. Kb1 b5 19. h4 a5 20. Nd2 Nxe3 21. Qxe3 Qb7 22. Ne4 Nc5 23. Bh3 Rc7 24. Nf6+ Bxf6 25. gxf6 Nd7 26. f4 Kd8 27. Bxd7 Rxd7 28. fxe5 dxe5 29. Qxe5 Re8 30. Qd4 Rd6 31. Qf4 Rxd5 32. Rde1 Rxe1+ 33. Rxe1 Qb6 34. Qe4 Rd7 35. a4 bxa4 36. Qe8+ Kc7 37. Re7 Qd6 38. Qxf7 Qd1+ 39. Ka2 Qb3+ 40. Qxb3 axb3+ 41. Kxb3 Rxe7 42. fxe7 Kd7 43. c4 g5 44. hxg5 h4 45. g6 Kxe7 46. g7 Kf7 47. c5 h3 48. c6 h2 49. c7 h1=Q 50. g8=Q+ Kxg8 51. c8=Q+ Kf7 52. Qc7+ Ke6 53. Qxa5 Qf3+ 54. Ka2 Kd6 55. Qb6+ Kd7 56. Qc5 Qg3 57. b3 Qh2+ 58. Ka3 Qe2 59. Ka4 Qa2+ 60. Kb4 Qd2+ 61. Kb5 Qd3+ 62. Qc4 Qf5+ 63. Ka4 Qb1 64. b4 Qh1 65. Qc5 Qa8+ 66. Kb5 Qb7+ 67. Ka5 Qa8+ 68. Kb6 Qd8+ 69. Kb7 Qh4 70. b5 Qa4 71. Qc6+ Ke7 72. b6 Qa1 73. Kb8 Qh8+ 74. Qc8 Qh1 75. Qb7+ 1-0

[Event "7th Sharjah Challengers 2024"]
[Site "Sharjah"]
[Date "2024.05.14"]
[Round "1.10"]
[White "Khalifa Essa, Albalooshi"]
[Black "Garifullina, Leya"]
[Result "0-1"]
[ECO "A14"]
[WhiteElo "2135"]
[BlackElo "2431"]
[Annotator "TA"]
[PlyCount "74"]
[EventDate "2024.05.13"]
[EventType "swiss"]
[EventCountry "UAE"]
[SourceTitle "playchess.com"]
[Source "ChessBase"]
[SourceQuality "1"]
[TimeControl "5400+30"]

1. Nf3 d5 2. c4 d4 3. d3 Nc6 4. g3 e5 5. Bg2 Bb4+ 6. Nbd2 a5 7. a3 Be7 8. b3 Nf6 9. O-O O-O 10. Qc2 Bf5 11. Bb2 Qd7 12. Rfd1 {[%emt 0:04:18] Black is slightly better.} Bh3 13. Bh1 Ng4 14. c5 Qe6 15. Rdc1 Qh6 16. Qd1 (16. Nc4 $15) 16... Kh8 {[%emt 0:03:58] Black has more active pieces.} 17. Bg2 Bxg2 18. Kxg2 f5 19. h3 Nf6 (19... e4 $17 20. dxe4 (20. Nxd4 $2 e3 $19) 20... Nxf2 21. Kxf2 fxe4 (21... Qxh3 22. Qh1 $14) 22. Nxe4 Qe3+ (22... Qxh3 23. Qd3 $16) 23. Kg2 Qxe4) 20. Nc4 (20. b4 $1 $11) 20... Nd7 ({Inferior is} 20... Bxc5 21. Ncxe5 Nxe5 22. Rxc5 (22. Nxe5 Bb6 $11) 22... Nxf3 23. exf3 $16) 21. b4 $1 Qe6 22. Qd2 (22. b5 $11 Nd8 23. e3) 22... Qd5 $17 {[%emt 0:04:20] Hoping for ...e4.} 23. Kh2 Bf6 24. Ne1 e4 25. Ng2 Nde5 {[%emt 0:03:08] ...exd3 is the strong threat.} 26. Nf4 Qf7 {[%emt 0:01:41] And now ...g5 would win.} 27. Nxe5 Bxe5 28. b5 Ne7 29. e3 dxe3 30. fxe3 Bxb2 31. Qxb2 exd3 {[%emt 0:00:30] White must now prevent ...Nd5.} 32. Nxd3 (32. Rc3 $11) 32... Nd5 $15 33. Qd4 {[%emt 0:00:21] [#] White does not recover from this.} (33. Nf4 $15) 33... Rad8 $1 $19 34. Ne5 {[%emt 0:05:15] [#]} (34. Qc4 {was necessary.}) 34... Qh5 $1 35. Rd1 $2 (35. Re1 Nf6 36. Qh4) 35... Qe2+ {[%emt 0:01:09] Black is clearly winning.} 36. Kh1 Nxe3 (36... Qxe3 $2 {perishes.} 37. Qxe3 (37. Nf7+ Kg8 $18) 37... Nxe3 38. Rxd8 Rxd8 39. Nf7+ Kg8 40. Nxd8 $18) 37. Rd2 Qxd2 {[%emt 0:00:08] Weighted Error Value: White=0.46/Black=0.14 (very precise) .  Mistake:       	White=7     	Black=1      Inaccurate:     	White=2     	Black=3      OK:         	White=6     	Black=10     Best:        	White=1     	Black=1      Strong:       	White=1     	Black=1} 0-1

[Event "7th Sharjah Challengers 2024"]
[Site "Sharjah"]
[Date "2024.05.14"]
[Round "1.11"]
[White "Suyarov, Mukhammadzokhid"]
[Black "Ankit Ray"]
[Result "0-1"]
[ECO "B40"]
[WhiteElo "2431"]
[BlackElo "2104"]
[Annotator "TA"]
[PlyCount "134"]
[EventDate "2024.05.13"]
[EventType "swiss"]
[EventCountry "UAE"]
[SourceTitle "playchess.com"]
[Source "ChessBase"]
[SourceQuality "1"]
[TimeControl "5400+30"]

1. e4 c5 2. Nf3 e6 3. g3 d5 4. exd5 exd5 5. d4 Nf6 6. Bg2 Nc6 7. O-O Be7 8. dxc5 Bxc5 9. Nc3 O-O 10. Bg5 {[%emt 0:00:53] B40: Sicilian: 2...e6, Unusual lines.} d4 11. Bxf6 Qxf6 12. Ne4 Qe7 $1 13. Nh4 Bb6 14. Qh5 $146 ({Predecessor:} 14. Re1 Ba5 15. Re2 Bg4 16. f3 Be6 17. f4 Bc4 18. Rf2 f5 19. Nd2 Bxd2 20. Qxd2 {1-0 Munoz Pantoja,M (2477)-Vehi Bach,V (2298) Barcelona Sant Marti op-A 18th 2016 (5)}) 14... Qe5 15. Ng5 $2 (15. Qxe5 $11 {and White has nothing to worry.} Nxe5 16. a4) 15... h6 $19 16. f4 {[%emt 0:00:17] [#]} Qc5 (16... d3+ $1 $17 17. Kh1 Qe2 (17... Qxb2 18. Be4 $14)) 17. Kh1 $15 Ne7 (17... hxg5 $6 18. fxg5 $11) (17... Bd7 $17 18. g4 (18. Be4 $2 f5 $19) 18... hxg5) 18. Rae1 $2 (18. b4 $1 $15 Qxb4 (18... Qxc2 19. Be4 $11) 19. Ne4) 18... hxg5 $19 19. fxg5 $2 (19. Be4 Bf5 (19... gxh4 20. Qh7#) 20. Nxf5 Nxf5 21. b4) 19... Be6 $19 20. Rf4 Bc7 (20... Qxc2 21. Be4 g6 (21... Qxb2 22. Qh7#) 22. Qh6 $11) (20... Bd5 $142 21. Be4 g6 (21... Bxa2 22. Qh7#)) 21. Be4 $19 {[%emt 0:02:49] [#]} g6 $2 (21... f5 $1 $19 22. g6 Rf6) 22. Bxg6 $2 (22. Nxg6 $11 fxg6 23. Bxg6 Bd5+ (23... Bxa2 24. Qh7#) 24. Ree4 Bxe4+ (24... Bxf4 25. Qh7#) 25. Rxe4) 22... fxg6 $19 (22... Nxg6 23. Nxg6 Bd5+ 24. Kg1 d3+ (24... fxg6 25. Qxg6+ Kh8 26. Rh4#) 25. Kf1 $17) 23. Nxg6 Bxf4 24. Qh8+ Kf7 25. Qf6+ Ke8 26. Qxe6 Be3 27. Nxf8 Kxf8 28. c3 Qc6+ 29. Qxc6 Nxc6 30. h4 Re8 31. cxd4 Bxd4 32. Rf1+ Kg7 33. Kg2 Re2+ 34. Kh3 Rxb2 35. Rf5 Be5 36. h5 Rxa2 37. Rf3 Rd2 38. Kg4 Rg2 39. Rf1 Rxg3+ 40. Kf5 Ne7+ 41. Kxe5 Rxg5+ 42. Ke6 Rxh5 43. Rf7+ (43. Rb1 $142 Nf5 44. Rxb7+ Kg6 45. Kd5) 43... Kg6 44. Rxe7 Rb5 45. Re8 Kg5 46. Rf8 a5 47. Kd6 b6 48. Rg8+ Kf4 49. Rf8+ Ke4 50. Re8+ Kd4 51. Rh8 Rb4 52. Kc6 a4 53. Rh3 Kc4 54. Rg3 b5 55. Rh3 Rb3 56. Rh4+ Kd3 57. Kc5 Ke2 58. Rh1 a3 59. Rg1 b4 60. Kb5 Rb2 61. Ka4 Kf2 62. Rc1 a2 63. Rh1 Kg2 64. Rc1 b3 65. Ka3 Rb1 66. Rc2+ bxc2 67. Kxa2 c1=R 0-1

[Event "7th Sharjah Challengers 2024"]
[Site "Sharjah"]
[Date "2024.05.14"]
[Round "1.12"]
[White "Daksh Jain"]
[Black "Wang, Yanbin"]
[Result "1-0"]
[ECO "B31"]
[WhiteElo "2101"]
[BlackElo "2415"]
[Annotator "TA"]
[PlyCount "126"]
[EventDate "2024.05.13"]
[EventType "swiss"]
[EventCountry "UAE"]
[SourceTitle "playchess.com"]
[Source "ChessBase"]
[SourceQuality "1"]
[TimeControl "5400+30"]

1. e4 c5 2. Nc3 Nc6 3. Bb5 Nd4 4. Nf3 g6 5. Nxd4 cxd4 6. Ne2 Bg7 7. O-O Nf6 {[%emt 0:05:07] B31: Sicilian: 2...Nc6 3 Bb5 g6.} 8. e5 Ng4 9. Nxd4 Nxe5 10. Nf3 Qb6 $146 ({Predecessor:} 10... Nxf3+ 11. Qxf3 O-O 12. c3 e5 13. Bc4 d6 14. d4 Be6 15. Bxe6 fxe6 16. Qxb7 exd4 {½-½ Keitlinghaus,L (2495)-Barbero,G (2500) Lazne Bohdanec 1995 (8)}) 11. Be2 Nc6 12. c3 d5 13. d4 O-O 14. Qb3 Qxb3 15. axb3 Bf5 16. Bf4 h6 17. h3 g5 18. Bg3 Bh7 19. Bb5 Rfc8 20. Rfe1 e6 21. Ra3 a6 22. Bxc6 Rxc6 23. b4 (23. Ne5 $5 Bxe5 24. Bxe5 $11) 23... f6 24. Ra5 Kf7 25. Rc5 Rac8 26. Nd2 Bd3 27. Nb3 b6 $1 28. Rxc6 Rxc6 29. Nd2 Bf8 30. Ra1 Be7 31. f3 Rc8 32. Kf2 Bb5 33. h4 Ke8 34. hxg5 hxg5 35. Nb1 Kd7 (35... Bxb4 $5 36. cxb4 Rc2+ 37. Kg1 Rc1+ 38. Kf2 (38. Kh2 Kd7 $17) 38... e5 (38... Bd3 39. Ra3 $11) 39. dxe5 d4 $19) 36. Ke3 Re8 37. Na3 Bc6 38. Nc2 Ra8 39. Kd2 a5 40. bxa5 bxa5 41. Ne1 a4 42. Nd3 Rh8 43. Re1 Bb5 44. Ra1 Ke8 ({Black should play} 44... g4 $15) 45. Re1 Kf7 46. Nf2 Ra8 47. Ra1 Ra6 48. Nd3 Rb6 49. Nc5 e5 50. Bf2 Rb8 ({Black should try} 50... Bxc5 $15 51. dxc5 Rb8) 51. Nxa4 Bxa4 52. Rxa4 Rxb2+ 53. Ke1 Rc2 54. Ra5 Ke6 55. Ra6+ Kf5 56. Ra5 Rxc3 57. Rxd5 Bb4 58. Kf1 Rc1+ 59. Ke2 Rc2+ 60. Kf1 g4 61. dxe5 gxf3 62. exf6+ Ke6 63. Rd1 fxg2+ 1-0